 Dungeon Crawl Stone Soup version 0.29.1-15-g9cfb28693d (webtiles) character file.

Game seed: 2953769087808971519

100530 Renzlar the Blocker (level 16, -2/129 HPs)
             Began as a Gnoll Fighter on Feb 23, 2023.
             Was the Champion of Okawaru.
             Killed from afar by Roxanne (56 damage)
             ... with a crystal spear
             ... on level 14 of the Dungeon on Feb 24, 2023.
             The game lasted 02:37:00 (21306 turns).

Renzlar the Blocker (Gnoll Fighter)                Turns: 21306, Time: 02:37:01

Health: -2/129     AC: 25    Str: 21    XL:     16   Next: 28%
Magic:  40/40      EV: 17    Int: 12    God:    Okawaru [******]
Gold:   2763       SH: 15    Dex: 17    Spells: 4/37 levels left

rFire   . . .      SeeInvis +   a - +13 Maxwell's thermic engine {flame, freeze}
rCold   . . .      Faith    .   n - +2 kite shield {AC+3}
rNeg    . . .      Spirit   .   M - +2 acid dragon scales
rPois   .          Reflect  .   e - +0 helmet
rElec   +          Harm     .   L - +0 cloak {Will+}
rCorr   +          Rampage  .   S - +3 pair of gauntlets of War {Slay+5}
Will    ++++.                   Q - +2 pair of boots {Fly}
Stlth   +++++.....              K - amulet "Naaf" {rElec Will+ Regen+ Dex-2}
HPRegen 1.11/turn               y - ring of Qug Caec {rElec Will+ Str-2 Dex+7 SInv}
MPRegen 0.27/turn               F - ring "Siyzozuo" {MP+9 Str+4 Slay+3}

@: mighty, flying
A: fangs 1, strong nose, distributed training, hooves 1, subdued magic 1
a: Renounce Religion, Heroism, Finesse, Duel


You were on level 14 of the Dungeon.
You worshipped Okawaru.
Okawaru was exalted by your worship.
You visited 4 branches of the dungeon, and saw 22 of its levels.
You also visited: Sewer, Bailey and Gauntlet.

You collected 3203 gold pieces.
You spent 440 gold pieces at shops.

Inventory:

Hand Weapons
 a - the +13 Maxwell's thermic engine (weapon) {flame, freeze}
   (You found it in a bailey)

   It burns those it strikes, dealing additional fire damage.
   Big, fiery blades are also staple armaments of hydra-hunters.
   It freezes those it strikes, dealing additional cold damage.
   It can also slow down cold-blooded creatures.
   It becomes more effective when it hits something.
   This effect fades over time.
 b - the +7 whip "Bem Rehave" {spect, rPois Dex+4}
   (You took it off an orc on level 3 of the Dungeon)

   When its wielder attacks, the weapon's spirit leaps out and strikes again.
   The spirit shares a part of any damage it takes with its wielder.
   Dex:       It affects your dexterity (+4).
   rPois:     It protects you from poison.
 c - a +1 sling of flaming
 d - a +1 demon trident of pain
 g - the +9 dagger of Lies {flame, +Blink rC+ Will+ SInv}
   (You found it on level 4 of the Dungeon)

   It burns those it strikes, dealing additional fire damage.
   rC:        It protects you from cold.
   SInv:      It lets you see invisible.
   +Blink:    It lets you blink.
   Will:      It increases your willpower.
Missiles
 k - 13 javelins
 v - 62 poisoned darts
 D - 3 curare-tipped darts (quivered)
Armour
 e - a +0 helmet (worn)
 n - a +2 kite shield of protection (worn)
 J - the +7 plate armour of the Desolation of Salt {Str+2}
   (You found it in a bailey)

   Str:       It affects your strength (+2).
 L - a +0 cloak of willpower (worn)
 M - +2 acid dragon scales (worn)
 O - the +0 pair of fencer's gloves {Riposte Dex+3}
   (Okawaru gifted it to you on level 11 of the Dungeon)

   It allows the wearer to riposte with melee weapons, swiftly retaliating
   against missed or blocked melee attacks.
   Dex:       It affects your dexterity (+3).
 Q - a +2 pair of boots of flying (worn)
 S - the +3 pair of gauntlets of War (worn) {Slay+5}
   (You acquired it on level 14 of the Dungeon)

   Slay:      It affects your accuracy & damage with ranged weapons and melee
   (+5).
Jewellery
 f - an amulet of magic regeneration
 h - a ring of resist corrosion
 j - a ring of ice
 w - a ring of poison resistance
 y - the ring of Qug Caec (left hand) {rElec Will+ Str-2 Dex+7 SInv}
   (You found it on level 9 of the Dungeon)

   [ring of willpower]

   Str:       It affects your strength (-2).
   Dex:       It affects your dexterity (+7).
   rElec:     It insulates you from electricity.
   SInv:      It lets you see invisible.
   Will:      It increases your willpower.
 F - the ring "Siyzozuo" (right hand) {MP+9 Str+4 Slay+3}
   (You took it off a kobold on level 7 of the Dungeon)

   [ring of magical power]

   Str:       It affects your strength (+4).
   Slay:      It affects your accuracy & damage with ranged weapons and melee
   (+3).
   MP:        It affects your magic capacity (+9).
 K - the amulet "Naaf" (around neck) {rElec Will+ Regen+ Dex-2}
   (You acquired it in a bailey)

   [amulet of regeneration]

   Dex:       It affects your dexterity (-2).
   rElec:     It insulates you from electricity.
   Regen:     It increases your rate of health regeneration.
   Will:      It increases your willpower.
 P - a ring of protection from fire
Wands
 p - a wand of mindburst (11)
 u - a wand of digging (4)
 B - a wand of quicksilver (11)
 H - a wand of roots (15)
Scrolls
 m - a scroll of silence
 o - a scroll of blinking
 q - 3 scrolls of identify
 C - 10 scrolls of teleportation
 G - a scroll of brand weapon
 I - a scroll of amnesia
 N - a scroll of magic mapping
Potions
 i - 8 potions of curing
 l - 3 potions of berserk rage
 r - 2 potions of lignification
 s - 3 potions of mutation
 t - 4 potions of invisibility
 z - a potion of haste
 A - 6 potions of heal wounds
 E - 2 potions of might
 R - a potion of resistance


   Skills:
 + Level 12.8 Fighting
 + Level 11.1 Short Blades
 + Level 11.1 Long Blades
 + Level 12.0 Axes
 + Level 11.1 Maces & Flails
 + Level 11.1 Polearms
 + Level 11.1 Staves
 + Level 11.1 Ranged Weapons
 + Level 11.1 Throwing
 + Level 12.8 Armour
 + Level 11.1 Dodging
 + Level 11.1 Stealth
 + Level 12.8 Shields
 + Level 11.1 Unarmed Combat
 + Level 11.1 Spellcasting
 + Level 9.4 Conjurations
 + Level 9.4 Hexes
 + Level 9.4 Summonings
 + Level 9.4 Necromancy
 + Level 9.4 Translocations
 + Level 9.4 Transmutations
 + Level 9.4 Fire Magic
 + Level 9.4 Ice Magic
 + Level 9.4 Air Magic
 + Level 9.4 Earth Magic
 + Level 9.4 Poison Magic
 + Level 12.1 Invocations
 + Level 11.1 Evocations


You had 4 spell levels left.
You knew the following spells:

 Your Spells              Type           Power      Damage    Failure   Level
a - Irradiate             Conj/Tmut      11%        3d15      12%         5
b - Sticky Flame          Conj/Fire      22%        2d4       4%          4
c - Petrify               Tmut/Erth      22%        N/A       4%          4
d - Freezing Cloud        Conj/Ice/Air   11%        6-21      12%         5
e - Fireball              Conj/Fire      11%        3d7       12%         5
f - Yara's Violent Unrav  Hex/Tmut       11%        3d6       12%         5
g - Borgnjor's Vile Clut  Necr/Erth      11%        N/A       12%         5

Your spell library contained the following spells:

 Spells                   Type           Power      Damage    Failure   Level
 Beastly Appendage        Tmut           44%        N/A       1%          1
 Slow                     Hex            88%        N/A       1%          1
 Static Discharge         Conj/Air       22%        3-6/arc   1%          2
 Wereblood                Tmut           22%        N/A       1%          2
 Confusing Touch          Hex            22%        N/A       1%          3
 Dazzling Flash           Conj/Hex       44%        N/A       1%          3
 Inner Flame              Hex/Fire       22%        N/A       1%          3
 Spider Form              Tmut/Pois      22%        N/A       1%          3
 Stone Arrow              Conj/Erth      44%        3d9       1%          3
 Vampiric Draining        Necr           22%        2d7       1%          3
 Cause Fear               Hex            11%        N/A       4%          4
 Corpse Rot               Necr/Pois/Air  22%        N/A       4%          4
 Dispel Undead            Necr           22%        3d12      4%          4
 Fulminant Prism          Conj/Hex       11%        3d9       4%          4
 Iskenderun's Mystic Bla  Conj/Tloc      22%        2d6       4%          4
 Leda's Liquefaction      Hex/Erth       11%        N/A       4%          4
 Passage of Golubria      Tloc           22%        N/A       4%          4
 Alistair's Intoxication  Tmut/Pois      14%        N/A       12%         5
 Blade Hands              Tmut           11%        N/A       12%         5
 Metabolic Englaciation   Hex/Ice        11%        N/A       12%         5
 Eringya's Noxious Bog    Tmut/Pois      11%        N/A       58%         6
 Iron Shot                Conj/Erth      11%        9d3       58%         6
 Starburst                Conj/Fire      11%        6d5       58%         6
 Dragon Form              Tmut           11%        N/A       99%         7
 Enfeeble                 Hex            11%        N/A       99%         7
 Ignition                 Fire           11%        3d5       100%        8
 Lehudib's Crystal Spear  Conj/Erth      11%        10d4      100%        8
 Polar Vortex             Ice            11%        N/A       100%        9
 Summon Small Mammal      Summ           Unusable   N/A       N/A         1
 Call Canine Familiar     Summ           Unusable   N/A       N/A         3
 Summon Guardian Golem    Hex/Summ       Unusable   N/A       N/A         3
 Tukima's Dance           Hex            Unusable   N/A       N/A         3
 Animate Armour           Summ/Erth      Unusable   N/A       N/A         4
 Death Channel            Necr           Unusable   N/A       N/A         6
 Simulacrum               Ice/Necr       Unusable   N/A       N/A         6

Dungeon Overview and Level Annotations

Branches:
Dungeon (14/15)            Temple (1/1) D:6            Lair (5/5) D:11
  Swamp (0/4) Lair:3        Snake (0/4) Lair:2        Slime (0/5) Lair:4
    Orc (2/2) D:9             Elf (0/3) Orc:2        Vaults (0/5) D:13
  Sewer (visited)          Bailey (visited)         Gauntlet (visited)

Altars:
Ashenzari
Cheibriados
Dithmenos
Elyvilon
Fedhas
Gozag
Hepliaklqana
Kikubaaqudgha
Makhleb
Nemelex Xobeh
Okawaru
Qazlal
Ru
Sif Muna
Trog
Uskayaw
Vehumet
Wu Jian
Xom
Yredelemnul
Zin
The Shining One
Jiyva

Shops:
D:1 :   D:4 :   Orc:2 :[[(

Portals:
Trove: D:14 (give 5 scrolls of blinking)

Annotations:
D:14 Roxanne


Innate Abilities, Weirdness & Mutations

You have very sharp teeth.
Your uncanny sense of smell can sniff out nearby items.
Your experience applies equally to all skills.
You have large cloven feet.
Your spells are a little easier to cast, but a little less powerful.


Message History

Unknown command.
You slash the wolf spider simulacrum!
You melt the wolf spider simulacrum.
The wolf spider simulacrum vaporises!
Okawaru accepts your kill.
Unknown command.
You slash Roxanne! You burn Roxanne.
Roxanne is moderately damaged.
Roxanne mumbles some strange words.
The iron shot hits you!
Unknown command.
You hit Roxanne but do no damage. You bite Roxanne!
Roxanne is moderately damaged.
Roxanne wails, "NOOOO!"
Unknown command.
You slash Roxanne! You bite Roxanne, but do no damage.
Roxanne is heavily damaged.
Roxanne casts a spell.
The iron shot hits you!!
Unknown command.
You slash Roxanne! You freeze Roxanne.
Roxanne is heavily damaged.
Unknown command.
You slash Roxanne! You freeze Roxanne.
Roxanne is heavily damaged.
Unknown command.
You slice Roxanne like a ripe choko!!! You burn Roxanne.
Roxanne is severely damaged.
Unknown command.
You slash Roxanne!
Roxanne is severely damaged.
Roxanne casts a spell.
The crystal spear hits you!
Unknown command.
You slash Roxanne! You burn Roxanne. You freeze Roxanne.
Roxanne is almost destroyed.
Roxanne mumbles some strange words.
The crystal spear hits you!!
Roxanne casts a spell.
The crystal spear hits you!!!
You die...

................* **,**
...............#* ***
................##
.................##
...>..,,,.........#
......,,,.........##
......,,,..........#
......,,,.......8..#
......,,,>..*#..@..#*###
......,,....##.#.#.##?.##
......,,................#
......,,.......###....###
......,,...............#
......,,.........(.....#*
###...,............#....#
#
##...............###..#*
# #....<........####
*...#


You could see Roxanne.

Vanquished Creatures
  Jorgrun (D:14)
  Rupert (Lair:4)
  Kirke (D:13)
  An orc warlord (D:9)
  An entropy weaver (Gauntlet)
  A minotaur (Gauntlet)
  A rakshasa (D:13)
  2 boulder beetles
  4 catoblepae
  5 hydras
  2 centaur warriors (D:13)
  5 two-headed ogres
  A death knight (D:14)
  6 death yaks
  9 orc high priests
  Sonja (Lair:4)
  Amaemon (D:9)
  A deep elf knight (D:13)
  A skeletal warrior (D:14)
  Pikel (D:5)
  2 orc knights
  2 orc sorcerers (Orc:1)
  2 oklob plants
  A deep elf pyromancer (D:7)
  4 cyclopes
  2 manticores
  16 ugly things
  A will-o-the-wisp (Lair:3)
  11 elephants
  A black mamba (Lair:4)
  An ice statue (D:10)
  2 torpor snails
  Maurice (D:8)
  3 unseen horrors
  An orange demon (D:9)
  3 rime drakes
  10 cane toads
  Maggie (D:8)
  2 unseen horror zombies (D:8)
  4 komodo dragons
  Psyche (D:8)
  5 kobold demonologists
  2 freezing wraiths (D:14)
  7 trolls
  5 polar bears
  A wolf spider simulacrum (D:14)
  3 meliai (D:13)
  9 hornets
  Grinder (D:4)
  21 blink frogs
  8 dream sheep
  Sigmund (D:5)
  2 wraiths
  12 spriggans (Lair:5)
  6 shadows
  2 hogs (D:14)
  3 wyverns
  69 yaks
  4 basilisks
  11 vampire mosquitoes
  19 humans
  A steam dragon (Lair:1)
  A redback (Gauntlet)
  10 wargs
  2 acid dragons
  A naga (Lair:2)
  Duvessa (D:4)
  15 water moccasins
  3 ice beasts (D:7)
  Pargi (Sewer)
  30 orc warriors
  3 swamp drakes (Lair:4)
  3 sky beasts (D:7)
  6 black bears
  3 boggarts (Lair:5)
  8 ogres
  5 centaurs
  35 wolves
  3 lemures (D:5)
  8 kobold brigands
  8 bullfrogs
  2 scorpions (D:5)
  A gnoll sergeant (D:11)
  6 wights (D:8)
  Dowan (D:4)
  8 killer bees
  4 howler monkeys
  The ghost of ChiefBigBeans the Stinger, a weakling MfVM (D:3)
  5 electric eels (Bailey)
  6 hounds
  A gnoll bouda (D:8)
  8 jellies
  35 orc priests
  6 iguanas
  25 orc wizards
  9 hell rats
  2 killer bee zombies (D:8)
  Robin (D:2)
  8 adders
  21 gnolls
  A shadow imp (D:7)
  5 white imps
  4 worms
  2 dart slugs (D:3)
  108 orcs
  7 ball pythons
  10 bats
  19 endoplasms
  3 giant cockroaches
  24 goblins
  14 hobgoblins
  4 jackals (D:4)
  29 kobolds
  5 quokkas
  2 frilled lizards (D:2)
  7 rats
849 creatures vanquished.

Vanquished Creatures (others)
  A hobgoblin (D:4)
  13 demonic plants (Gauntlet)
  5 foxfires
  41 fungi
  58 plants
118 creatures vanquished.

Grand Total: 967 creatures vanquished

Notes
Turn   | Place    | Note
-------+----------+-------------------------------------------
     0 | D:1      | Renzlar the Gnoll Fighter began the quest for the Orb.
     0 | D:1      | Reached XP level 1. HP: 23/23 MP: 1/1
   249 | D:1      | Found Negacudd's Book Shoppe.
   361 | D:1      | Found a faded altar of an unknown god.
   428 | D:1      | Reached XP level 2. HP: 28/29 MP: 2/2
  1437 | D:2      | Reached XP level 3. HP: 35/35 MP: 3/3
  1525 | D:2      | Reached skill level 1 in Invocations
  1590 | D:2      | Reached skill level 1 in Short Blades
  1590 | D:2      | Reached skill level 1 in Long Blades
  1590 | D:2      | Reached skill level 1 in Maces & Flails
  1590 | D:2      | Reached skill level 1 in Polearms
  1590 | D:2      | Reached skill level 1 in Staves
  1590 | D:2      | Reached skill level 1 in Ranged Weapons
  1590 | D:2      | Reached skill level 1 in Throwing
  1590 | D:2      | Reached skill level 1 in Dodging
  1590 | D:2      | Reached skill level 1 in Stealth
  1590 | D:2      | Reached skill level 1 in Unarmed Combat
  1590 | D:2      | Reached skill level 1 in Spellcasting
  1590 | D:2      | Reached skill level 1 in Evocations
  1590 | D:2      | Reached XP level 4. HP: 18/41 MP: 5/5
  1778 | D:2      | Noticed Robin
  1800 | D:2      | Killed Robin
  1801 | D:2      | Reached skill level 1 in Conjurations
  1801 | D:2      | Reached skill level 1 in Hexes
  1801 | D:2      | Reached skill level 1 in Summonings
  1801 | D:2      | Reached skill level 1 in Necromancy
  1801 | D:2      | Reached skill level 1 in Translocations
  1801 | D:2      | Reached skill level 1 in Transmutations
  1801 | D:2      | Reached skill level 1 in Fire Magic
  1801 | D:2      | Reached skill level 1 in Ice Magic
  1801 | D:2      | Reached skill level 1 in Air Magic
  1801 | D:2      | Reached skill level 1 in Earth Magic
  1801 | D:2      | Reached skill level 1 in Poison Magic
  2746 | D:3      | Reached XP level 5. HP: 42/47 MP: 7/7
  2836 | D:3      | Found a runed translucent gate.
  2836 | D:3      | Identified the +7 whip "Bem Rehave" {spect, rPois Dex+4}
  2837 | D:3      | Found a runed translucent gate.
  2837 | D:3      | Noticed ChiefBigBeans's ghost (weakling MfVM)
  2838 | D:3      | Found a runed translucent gate.
  2979 | D:3      | Killed ChiefBigBeans's ghost
  3084 | D:3      | Found a white marble altar of Elyvilon.
  3481 | D:4      | Reached XP level 6. HP: 53/53 MP: 8/8
  3547 | D:4      | Reached skill level 5 in Axes
  3577 | D:4      | Found a bloodstained altar of Trog.
  3583 | D:4      | Noticed Duvessa
  3584 | D:4      | Found Gujuth's Vocational Training.
  3584 | D:4      | Noticed Dowan
  3590 | D:4      | Killed Duvessa
  3597 | D:4      | Killed Dowan
  3628 | D:4      | Identified the +9 dagger of Lies {flame, +Blink rC+ Will+
                  | SInv}
  3792 | D:4      | Reached XP level 7. HP: 59/59 MP: 10/10
  3815 | D:4      | Noticed Grinder
  3826 | D:4      | Killed Grinder
  4155 | D:5      | Entered Level 5 of the Dungeon
  4405 | D:5      | Found a stormy altar of Qazlal.
  4452 | D:5      | Reached XP level 8. HP: 65/67 MP: 12/12
  4668 | D:5      | Noticed Pikel
  4697 | D:5      | Killed Pikel
  4736 | D:5      | Noticed Sigmund
  4741 | D:5      | Killed Sigmund
  5074 | D:6      | Reached XP level 9. HP: 73/73 MP: 14/14
  5083 | D:6      | Found a glowing drain.
  5092 | Sewer    | Entered a sewer
  5165 | Sewer    | Noticed Pargi
  5168 | Sewer    | Killed Pargi
  5647 | D:6      | Found a staircase to the Ecumenical Temple.
  5658 | Temple   | Entered the Ecumenical Temple
  5670 | Temple   | Became a worshipper of Warmaster Okawaru
  5947 | D:7      | Noticed a two-headed ogre
  5955 | D:7      | Killed a two-headed ogre
  5956 | D:7      | Reached skill level 5 in Invocations
  5958 | D:7      | Reached * piety under Okawaru
  5978 | D:7      | Identified the ring "Siyzozuo" {MP+9 Str+4 Slay+3}
  5994 | D:7      | Reached skill level 5 in Short Blades
  5994 | D:7      | Reached skill level 5 in Long Blades
  5994 | D:7      | Reached skill level 5 in Maces & Flails
  5994 | D:7      | Reached skill level 5 in Polearms
  5994 | D:7      | Reached skill level 5 in Staves
  5994 | D:7      | Reached skill level 5 in Ranged Weapons
  5994 | D:7      | Reached skill level 5 in Throwing
  5994 | D:7      | Reached skill level 5 in Dodging
  5994 | D:7      | Reached skill level 5 in Stealth
  5994 | D:7      | Reached skill level 5 in Unarmed Combat
  5994 | D:7      | Reached skill level 5 in Spellcasting
  5994 | D:7      | Reached skill level 5 in Evocations
  5994 | D:7      | Reached XP level 10. HP: 75/81 MP: 17/17
  6063 | D:7      | Identified the +1 robe "Kyanokih" {Int+2 Stlth+}
  6187 | D:7      | Reached ** piety under Okawaru
  6258 | D:7      | Noticed a deep elf pyromancer
  6262 | D:7      | Noticed a boulder beetle
  6269 | D:7      | Killed a deep elf pyromancer
  6278 | D:7      | Killed a boulder beetle
  6278 | D:7      | Reached *** piety under Okawaru
  6688 | D:7      | Found a bloodstained altar of Trog.
  6689 | D:7      | Found an iron altar of Okawaru.
  6692 | D:7      | Found a white marble altar of Elyvilon.
  6692 | D:7      | Found a broken altar of Ashenzari.
  7051 | D:7      | Reached skill level 5 in Conjurations
  7051 | D:7      | Reached skill level 5 in Hexes
  7051 | D:7      | Reached skill level 5 in Summonings
  7051 | D:7      | Reached skill level 5 in Necromancy
  7051 | D:7      | Reached skill level 5 in Translocations
  7051 | D:7      | Reached skill level 5 in Transmutations
  7051 | D:7      | Reached skill level 5 in Fire Magic
  7051 | D:7      | Reached skill level 5 in Ice Magic
  7051 | D:7      | Reached skill level 5 in Air Magic
  7051 | D:7      | Reached skill level 5 in Earth Magic
  7051 | D:7      | Reached skill level 5 in Poison Magic
  7051 | D:7      | Reached XP level 11. HP: 89/89 MP: 20/20
  7186 | D:7      | Found an ornate altar of the Wu Jian Council.
  7373 | D:8      | Noticed Psyche
  7380 | D:8      | Killed Psyche
  7385 | D:8      | Reached **** piety under Okawaru
  7445 | D:8      | Noticed Maurice
  7458 | D:8      | Killed Maurice
  7780 | D:8      | Found a flagged portal.
  7802 | Bailey   | Entered a bailey
  8195 | Bailey   | Found an iron altar of Okawaru.
  8195 | Bailey   | Noticed an orc high priest
  8204 | Bailey   | Killed an orc high priest
  8235 | Bailey   | Identified the +7 plate armour of the Desolation of Salt
                  | {Str+2}
  8254 | Bailey   | Found the +2 Maxwell's thermic engine {flame, freeze}
  8281 | Bailey   | Acquired the Anthology of the Boulder and Enchantment
  8403 | Bailey   | Reached ***** piety under Okawaru
  8647 | Bailey   | Acquired 761 gold pieces
  8651 | Bailey   | Acquired a +0 pair of boots of flying
  8659 | Bailey   | Acquired the amulet "Naaf" {rElec Will+ Regen+ Dex-2}
  8852 | D:8      | Found a sparkling altar of Nemelex Xobeh.
  8886 | D:8      | Noticed Maggie
  8902 | D:8      | Killed Maggie
  8919 | D:8      | Learned a level 2 spell: Wereblood
  8924 | D:8      | Learned a level 4 spell: Sticky Flame
  8929 | D:8      | Learned a level 4 spell: Petrify
  9302 | D:9      | Received a gift from Okawaru
  9368 | D:9      | Noticed Amaemon
  9391 | D:9      | Killed Amaemon
  9397 | D:9      | Received a gift from Okawaru
  9398 | D:9      | Reached XP level 12. HP: 86/97 MP: 22/22
  9399 | D:9      | Found a staircase to the Orcish Mines.
  9507 | D:9      | Identified the ring of Qug Caec {rElec Will+ Str-2 Dex+7
                  | SInv}
  9955 | D:10     | Entered Level 10 of the Dungeon
 10044 | D:10     | Received a gift from Okawaru
 10111 | D:10     | Learned a level 5 spell: Freezing Cloud
 10192 | D:10     | Reached skill level 10 in Fighting
 10192 | D:10     | Reached skill level 10 in Armour
 10192 | D:10     | Reached skill level 10 in Shields
 10827 | D:11     | Noticed a two-headed ogre
 10839 | D:11     | Killed a two-headed ogre
 11013 | D:11     | Received a gift from Okawaru
 11013 | D:11     | Found the +0 pair of fencer's gloves {Riposte Dex+3}
 11290 | D:11     | Found a staircase to the Lair.
 11583 | Lair:1   | Entered Level 1 of the Lair of Beasts
 11688 | Lair:1   | Noticed a catoblepas
 11699 | Lair:1   | Killed a catoblepas
 11700 | Lair:1   | Reached XP level 13. HP: 104/104 MP: 25/25
 11709 | Lair:1   | Learned a level 5 spell: Fireball
 11715 | Lair:1   | Learned a level 5 spell: Yara's Violent Unravelling
 12203 | Lair:1   | Identified the +5 arbalest of Plunder {venom, Dex+4}
 12572 | Lair:2   | Found a staircase to the Snake Pit.
 12830 | Lair:2   | Reached ****** piety under Okawaru
 12837 | Lair:2   | Received a gift from Okawaru
 13468 | Lair:2   | Reached skill level 10 in Axes
 13746 | Lair:3   | Found a staircase to the Swamp.
 13827 | Lair:3   | Received a gift from Okawaru
 14002 | Lair:3   | Identified the +8 hand axe "Xeruux" {venom, Will+} (Okawaru
                  | gifted it to you on level 3 of the Lair of Beasts)
 14002 | Lair:3   | Received a gift from Okawaru
 14176 | Lair:3   | Reached skill level 10 in Invocations
 14176 | Lair:3   | Reached XP level 14. HP: 113/113 MP: 27/27
 14441 | Lair:4   | Noticed Rupert
 14463 | Lair:4   | Killed Rupert
 14595 | Lair:4   | Received a gift from Okawaru
 14831 | Lair:4   | Noticed Sonja
 14839 | Lair:4   | Killed Sonja
 14850 | Lair:4   | Found a viscous altar of Jiyva.
 14851 | Lair:4   | Found a staircase to the Slime Pits.
 14923 | Lair:3   | Learned a level 5 spell: Borgnjor's Vile Clutch
 15065 | Lair:4   | Gained mutation: You sometimes lose your temper in combat.
                  | [potion of mutation]
 15065 | Lair:4   | Gained mutation: You are agile. (Dex +4, Str/Int -1)
                  | [potion of mutation]
 15065 | Lair:4   | Gained mutation: You have large cloven feet. [potion of
                  | mutation]
 15066 | Lair:4   | Lost mutation: You are agile. (Dex +4, Str/Int -1) [potion
                  | of mutation]
 15066 | Lair:4   | Lost mutation: You sometimes lose your temper in combat.
                  | [potion of mutation]
 15066 | Lair:4   | Gained mutation: Your spells are a little easier to cast,
                  | but a little less powerful. [potion of mutation]
 15066 | Lair:4   | Gained mutation: You have a pair of small horns on your
                  | head. [potion of mutation]
 15066 | Lair:4   | Lost mutation: You have a pair of small horns on your head.
                  | [potion of mutation]
 15523 | Lair:5   | Entered Level 5 of the Lair of Beasts
 16011 | Lair:5   | Reached skill level 10 in Short Blades
 16011 | Lair:5   | Reached skill level 10 in Long Blades
 16011 | Lair:5   | Reached skill level 10 in Maces & Flails
 16011 | Lair:5   | Reached skill level 10 in Polearms
 16011 | Lair:5   | Reached skill level 10 in Staves
 16011 | Lair:5   | Reached skill level 10 in Ranged Weapons
 16011 | Lair:5   | Reached skill level 10 in Throwing
 16011 | Lair:5   | Reached skill level 10 in Dodging
 16011 | Lair:5   | Reached skill level 10 in Stealth
 16011 | Lair:5   | Reached skill level 10 in Unarmed Combat
 16011 | Lair:5   | Reached skill level 10 in Spellcasting
 16011 | Lair:5   | Reached skill level 10 in Evocations
 16141 | Lair:5   | Received a gift from Okawaru
 16187 | Lair:5   | Reached XP level 15. HP: 120/120 MP: 29/29
 16444 | Lair:5   | Received a gift from Okawaru
 17001 | Orc:1    | Entered Level 1 of the Orcish Mines
 17067 | Orc:1    | Noticed an orc warlord
 17094 | D:9      | Killed an orc warlord
 17127 | Orc:1    | Received a gift from Okawaru
 17532 | Orc:2    | Entered Level 2 of the Orcish Mines
 17532 | Orc:2    | Found a staircase to the Elven Halls.
 17904 | Orc:2    | Received a gift from Okawaru
 18337 | Orc:2    | Found Ivedghir's Antique Weapon Boutique.
 18337 | Orc:2    | Found Ucveacawy's Antique Armour Shoppe.
 18340 | Orc:2    | Identified the +0 buckler of the Tundras {rElec rF++ Str+2
                  | Int-4} (Okawaru gifted it to you on level 2 of the Orcish
                  | Mines)
 18340 | Orc:2    | Received a gift from Okawaru
 18517 | Orc:2    | Found Xuusighemm's Armour Boutique.
 18517 | Orc:2    | Found Riowesh's Book Shoppe.
 18545 | Orc:2    | Bought a book of Transfigurations for 440 gold pieces
 18552 | Orc:2    | Learned a level 5 spell: Irradiate
 19108 | D:12     | Found a sacrificial altar of Ru.
 19458 | D:12     | Identified the +2 robe of Paiv {rC+++ rCorr MP+9 Dex-5}
 19980 | D:13     | Found a gate to the Vaults.
 20264 | D:14     | Noticed Kirke
 20280 | D:13     | Killed Kirke
 20293 | D:13     | Received a gift from Okawaru
 20433 | D:13     | Reached XP level 16. HP: 120/129 MP: 30/30
 20453 | D:14     | Found a gate leading to a gauntlet.
 20462 | Gauntlet | Entered a Gauntlet
 20462 | Gauntlet | Found a transporter.
 20462 | Gauntlet | Found a transporter.
 20485 | Gauntlet | Found a transporter.
 20486 | Gauntlet | Found a transporter.
 20499 | Gauntlet | Found a transporter.
 20503 | Gauntlet | Found a transporter.
 20513 | Gauntlet | Found a transporter.
 20535 | Gauntlet | Found a transporter.
 20553 | Gauntlet | Found a transporter.
 20557 | Gauntlet | Found a transporter.
 20571 | Gauntlet | Found a transporter.
 20575 | Gauntlet | Found a transporter.
 21013 | D:14     | Acquired the +3 pair of gauntlets of War {Slay+5}
 21013 | D:14     | Found the +3 pair of gauntlets of War {Slay+5}
 21031 | D:14     | Noticed Jorgrun
 21042 | D:14     | Killed Jorgrun
 21073 | D:14     | Found a portal to a secret trove of treasure.
 21284 | D:14     | Identified Roxanne's Spellbook of the Rocks
 21284 | D:14     | Noticed Roxanne
 21306 | D:14     | Killed from afar by Roxanne

Illustrated notes

Levels and vault maps discovered:
D:1:      dpeg_arrival_rhombi, layout_loops_corners, serial_shops, shop,
          dreamdust_ecumenical_altar_hidden_monk_grotto, serial_bayou_pond_d,
          roderic_lattice_a, columned_hall_lemuel, minivault_5
D:2:      layout_basic, uniq_robin
D:3:      layout_basic, lemuel_crystal_altar, biasface_ghost_orc_armoury
D:4:      layout_loops_ring, bloody_trog, nicolae_shop_vocational, uniq_grinder,
          uniq_duvessa
D:5:      layout_basic, nicolae_qazlal_general_emergency, serial_bayou,
          serial_bayou_crossing, serial_bayou_pond_e, serial_bayou_lake_a,
          serial_bayou_shore_b, uniq_sigmund, uniq_pikel
D:6:      layout_basic, minmay_temple_entry_grid, cheibrodos_sewer_entry_drain
D:7:      minmay_the_grid_octo_2x2 [minmay_the_grid_octo_clover,
          minmay_the_grid_octo_77, minmay_the_grid_octo_shrine,
          minmay_the_grid_octo_prize_ultimate_mussel_roller],
          layout_loops_cross, nzn_wu_jian_contemplation, serial_glass,
          glass_columns_a, glass_columns_c, glass_columns_a, glass_columns_a,
          glass_columns_c, glass_columns_a, item_on_display_a
D:8:      layout_basic, nemelex_spade_bored_becter, enter_bailey_5,
          serial_undead, serial_undead_e, serial_undead_e, serial_undead_e,
          serial_undead_a, chequers_avenue, uniq_maurice, uniq_psyche,
          uniq_maggie
D:9:      layout_basic, david_orc_5, uniq_amaemon
D:10:     lemuel_ice_statue, layout_long_grid, grunt_decor_resistance
D:11:     layout_irregular_city, david_lair_generic
D:12:     layout_loops_ring, nicolae_ru_great_annihilating_truth
D:13:     layout_rooms, david_vaults_3
D:14:     layout_cave_pools, gauntlet_entry_generic, enter_trove_1,
          uniq_jorgrun, uniq_roxanne, uniq_kirke
Temple:   sentei_temple_godly_chess
Lair:1:   layout_long_grid, st_stairs_3, serial_bayou_shore_b
Lair:2:   layout_chaotic_city, guppyfry_snake_entry_island,
          minmay_lair_oklob_items
Lair:3:   layout_hall_layers, swamp_mist, st_stairs_6
Lair:4:   lemuel_slime, layout_gridlike, dpeg_slime_entry_enclosed, pond,
          serial_bayou_shore_b, uniq_sonja, uniq_rupert
Lair:5:   minmay_lair_end_enchanted_forest, layout_loops_ring,
          grunt_megastairs_1
Orc:1:    layout_caves, basic_altar
Orc:2:    st_orc_town, layout_caves

Skill      XL: |  1  2  3  4  5  6  7  8  9 10 11 12 13 14 15 16 |
---------------+-------------------------------------------------+-----
Invocations    | 1 2 3 4 5 6 7 8 10 11 12 | 12.1
Short Blades   | 1 2 3 5 6 7 8 9 10 11 | 11.1
Long Blades    | 1 2 3 5 6 7 8 9 10 11 | 11.1
Maces & Flails | 1 2 3 5 6 7 8 9 10 11 | 11.1
Polearms       | 1 2 3 5 6 7 8 9 10 11 | 11.1
Staves         | 1 2 3 5 6 7 8 9 10 11 | 11.1
Ranged Weapons | 1 2 3 5 6 7 8 9 10 11 | 11.1
Throwing       | 1 2 3 5 6 7 8 9 10 11 | 11.1
Dodging        | 1 2 3 5 6 7 8 9 10 11 | 11.1
Stealth        | 1 2 3 5 6 7 8 9 10 11 | 11.1
Unarmed Combat | 1 2 3 5 6 7 8 9 10 11 | 11.1
Spellcasting   | 1 2 3 5 6 7 8 9 10 11 | 11.1
Evocations     | 1 2 3 5 6 7 8 9 10 11 | 11.1
Conjurations   | 1 2 3 4 5 6 7 8 9 |  9.4
Hexes          | 1 2 3 4 5 6 7 8 9 |  9.4
Summonings     | 1 2 3 4 5 6 7 8 9 |  9.4
Necromancy     | 1 2 3 4 5 6 7 8 9 |  9.4
Translocations | 1 2 3 4 5 6 7 8 9 |  9.4
Transmutations | 1 2 3 4 5 6 7 8 9 |  9.4
Fire Magic     | 1 2 3 4 5 6 7 8 9 |  9.4
Ice Magic      | 1 2 3 4 5 6 7 8 9 |  9.4
Air Magic      | 1 2 3 4 5 6 7 8 9 |  9.4
Earth Magic    | 1 2 3 4 5 6 7 8 9 |  9.4
Poison Magic   | 1 2 3 4 5 6 7 8 9 |  9.4
Axes           | 5 6 7 8 9 10 11 12 | 12.0
Fighting       | 7 8 9 10 11 12 | 12.8
Armour         | 7 8 9 10 11 12 | 12.8
Shields        | 7 8 9 10 11 12 | 12.8

Action                   |  1- 3 |  4- 6 |  7- 9 | 10-12 | 13-15 | 16-18 || total
-------------------------+-------+-------+-------+-------+-------+-------++-------
Melee: War axe           |    83 |   124 |       |       |       |       ||   207
       Bite              |     8 |    21 |    12 |    81 |   145 |    20 ||   287
       Whip              |       |    50 |   112 |   193 |    16 |       ||   371
       Dagger            |       |     3 |     9 |   120 |    22 |     1 ||   155
       Double sword      |       |       |       |   263 |   763 |    92 ||  1118
       Demon trident     |       |       |       |     4 |       |       ||     4
 Fire: Sling             |       |       |       |    19 |   330 |    30 ||   379
Throw: Dart              |       |       |     1 |       |     5 |       ||     6
 Cast: Petrify           |       |       |       |     1 |     3 |       ||     4
       Wereblood         |       |       |       |     1 |       |       ||     1
       Freezing Cloud    |       |       |       |       |    10 |       ||    10
       Sticky Flame      |       |       |       |       |     6 |     2 ||     8
       Borgnjor's Vile C |       |       |       |       |     4 |       ||     4
       Irradiate         |       |       |       |       |       |     3 ||     3
Invok: Heroism           |       |       |       |     3 |     3 |       ||     6
       Finesse           |       |       |       |     1 |     1 |       ||     2
Evoke: Wand              |       |       |       |     3 |       |       ||     3
  Use: Scroll            |     3 |     5 |     4 |    13 |    15 |     4 ||    44
       Potion            |     2 |     1 |       |     3 |     5 |     1 ||    12
 Stab: Distracted        |       |       |     1 |     5 |       |       ||     6
       Sleeping          |       |       |       |     6 |    17 |     1 ||    24
       Paralysed         |       |       |       |     1 |     1 |       ||     2
       Petrified         |       |       |       |       |     9 |       ||     9
       Petrifying        |       |       |       |       |     1 |       ||     1
Armor: Scale mail        |    41 |    56 |       |       |       |       ||    97
       Chain mail        |       |    20 |    45 |   100 |       |       ||   165
       Acid dragon scale |       |       |       |    81 |   276 |    36 ||   393
Dodge: Dodged            |    49 |    55 |    39 |   286 |   484 |    42 ||   955
Block: Buckler           |    23 |    40 |    24 |   187 |    65 |       ||   339
       Kite shield       |       |       |       |       |   406 |    62 ||   468
       Rpst.: Double sword |       |       |       |    15 |   266 |    15 ||   296
       Whip              |       |       |       |     2 |    12 |       ||    14
       Dagger            |       |       |       |       |     3 |       ||     3
